 Dungeon Sprint DCSS version 0.31.0-32-g396128a36d (webtiles) character file.

Game seed: 1489667456371876847

2775 Groucho the Geomancer (level 9, -8/52 HPs)
             Began as a Deep Elf Earth Elementalist on Mar 25, 2024.
             Was a High Priest of Sif Muna.
             Incinerated by a deep elf pyromancer (16 damage)
             ... with a pyre arrow
             ... in the Dungeon (Sprint VII: "The Pits").
             The game lasted 00:11:52 (2735 turns).

Groucho the Geomancer (Deep Elf Earth Elementalist) Turns: 2735, Time: 00:11:53

Health: -8/52      AC:  7    Str:  5    XL:     9   Next: 42%
Magic:  8/24       EV: 14    Int: 25    God:    Sif Muna [*****.]
Gold:   0          SH:  0    Dex: 15    Spells: 19/27 levels left

rFire   . . .        h - +2 dagger
rCold   . . .        (no shield)
rNeg    . . .        m - +0 steam dragon scales
rPois   .            (no helmet)
rElec   .            r - +0 cloak
rCorr   .            s - +0 pair of gloves
SInv    .            (no boots)
Will    .....        (no amulet)
Stlth   ++           (no ring)
HPRegen 0.28/turn    (no ring)
MPRegen 0.19/turn

%: no teleportation
@: on fire, glowing
A: no striking features
a: Renounce Religion, Channel Magic, Forget Spell, Divine Exegesis


You were in the Dungeon.
You worshipped Sif Muna.
Sif Muna was extremely pleased with you.
You visited 1 branch

Inventory:

Hand Weapons
 h - a +2 dagger (weapon)
 q - a +2 rapier of venom
Armour
 m - +0 steam dragon scales (worn)
 r - a +0 cloak (worn)
 s - a +0 pair of gloves (worn)
Jewellery
 a - a +3 ring of dexterity
 n - a +3 ring of intelligence
Scrolls
 j - 2 scrolls of vulnerability
 k - 5 scrolls of amnesia
 l - a scroll of summoning
Potions
 b - 5 potions of magic
 c - 7 potions of curing
 d - a potion of heal wounds
 e - a potion of haste
 f - 4 potions of berserk rage
 i - 2 potions of invisibility
 o - a potion of might
 p - 2 potions of brilliance


   Skills:
 + Level 4.2 Fighting
 + Level 6.2 Short Blades
 + Level 2.7 Armour
 + Level 4.9 Dodging
 + Level 8.3 Stealth
 + Level 9.9 Spellcasting
 * Level 11.2 Conjurations
 * Level 11.5 Earth Magic
 + Level 7.7 Alchemy
 + Level 7.6 Invocations


You had 19 spell levels left.
You knew the following spells:

 Your Spells              Type           Power      Damage    Failure   Level
a - Sandblast             Erth           100%       2d20      1%          1
b - Stone Arrow           Conj/Erth      100%       3d13      1%          3
c - Petrify               Alch/Erth      57%        N/A       1%          4

Your spell library contained the following spells:

 Spells                   Type           Power      Damage    Failure   Level
 Passwall                 Erth           63%        N/A       1%          3
 Brom's Barrelling Bould  Conj/Erth      62%        2d8       1%          4
 Fulminant Prism          Conj/Alch      28%        3d14      1%          4
 Cigotuvi's Dreadful Rot  Necr/Alch/Air  50%        N/A       2%          2
 Animate Armour           Summ/Erth      82%        N/A       4%          4
 Alistair's Intoxication  Alch           33%        N/A       6%          5
 Bombard                  Conj/Erth      31%        9d6       7%          6
 Ignite Poison            Fire/Alch      31%        N/A       10%         4
 Sticky Flame             Fire/Alch      31%        2d7       10%         4
 Lehudib's Crystal Spear  Conj/Erth      31%        10d8      97%         8
 Ignition                 Fire           6%         3d4       100%        8


Dungeon Overview and Level Annotations

Branches:
Dungeon (1/1)

Altars:
Ashenzari
Cheibriados
Dithmenos
Elyvilon
Fedhas
Gozag
Hepliaklqana
Kikubaaqudgha
Makhleb
Nemelex Xobeh
Okawaru
Qazlal
Ru
Sif Muna
Trog
Uskayaw
Vehumet
Wu Jian
Xom
Yredelemnul
Zin
The Shining One
Jiyva
Lugonu


Message History

Aiming: Stone Arrow (safe; 1% risk of failure)
Press: ? - help, Shift-Dir - straight line, f/p - deep elf pyromancer
Aim: a deep elf pyromancer, wielding a +0 short sword and wearing a +0 leather armour (heavily wounded, petrifying slowly, 100% to hit)
The stone arrow hits the deep elf pyromancer!!
The deep elf pyromancer is severely wounded.
The liquid fire burns you!
* * * LOW HITPOINT WARNING * * *
The deep elf pyromancer gestures wildly while chanting.
Unknown command.
You feel much better. The liquid fire burns you!
* * * LOW HITPOINT WARNING * * *
You feel much better. The liquid fire burns you! The fire elemental hits you.
The fire elemental burns you!
Unknown command.
Unknown command.
Blink to where?
Press: ? - help, Dir - move target, p - deep elf pyromancer
As you read the scroll of blinking, it crumbles to dust.
The liquid fire burns you!
The deep elf pyromancer stops moving altogether!
The fire elemental closely misses you.
Unknown command.
Unknown command.
The helpless deep elf pyromancer fails to defend itself.
You stick the deep elf pyromancer like a pincushion!!!
You kill the deep elf pyromancer!
Sif Muna accepts your kill.
The fire elemental disappears in a puff of smoke! x3
The liquid fire burns you!
* * * LOW HITPOINT WARNING * * *
Your Fighting skill increases to level 4!
Your Short Blades skill increases to level 6!
Your Conjurations skill increases to level 11!
Unknown command.
Unknown command.
You shake off some of the fire as you move.
The liquid fire burns you!
You die...

_____.# _____.#
___...###########++######
#####'##................#
')))'.##......#..#......#
#####.##..)...).........+
......)'................+
##'#####......#..#......#
#.....##........@.°.....#
#####'#####'#####§)######
#.....##.......##°'#####
#.....##.......##§°....#
###'####.......##.○.)###
#.†...##...<...##.§.##
......##.......##):##
†.....##.......##..#
########.......##.)#


There were no monsters in sight!

Vanquished Creatures
  A deep elf pyromancer (D)
  A gargoyle (D)
  An unseen horror (D)
  A guardian mummy (D)
  A hornet (D)
  A snapping turtle (D)
  A glass eye (D)
  A basilisk (D)
  A steam dragon (D)
  A sky beast (D)
  Pargi (D)
  4 wights (D)
  A jelly (D)
  An orc priest (D)
  3 gnoll boudas (D)
  An orc wizard (D)
  A mummy (D)
  12 gnolls (D)
  An adder zombie (D)
  3 orcs (D)
  A ball python (D)
  A bat (D)
  A bat zombie (D)
  A goblin (D)
  A hobgoblin (D)
  A quokka (D)
  A ball python zombie (D)
  A frilled lizard (D)
46 creatures vanquished.

Notes
Turn   | Place    | Note
-------+----------+-------------------------------------------
     0 | D        | Groucho the Deep Elf Earth Elementalist began the quest for
                  | the Orb.
     0 | D        | Reached XP level 1. HP: 10/10 MP: 6/6
    40 | D        | Found a glowing golden altar of the Shining One.
    40 | D        | Found a glowing silver altar of Zin.
    40 | D        | Found a basalt altar of Yredelemnul.
    40 | D        | Found a shimmering altar of Xom.
    40 | D        | Found an ornate altar of the Wu Jian Council.
    40 | D        | Found a bloodstained altar of Trog.
    40 | D        | Found a shimmering blue altar of Sif Muna.
    40 | D        | Found a sacrificial altar of Ru.
    40 | D        | Found a stormy altar of Qazlal.
    40 | D        | Found an iron altar of Okawaru.
    40 | D        | Found a sparkling altar of Nemelex Xobeh.
    40 | D        | Found a burning altar of Makhleb.
    40 | D        | Found a viscous altar of Jiyva.
    40 | D        | Found a hazy altar of Hepliaklqana.
    40 | D        | Found an opulent altar of Gozag.
    40 | D        | Found a blossoming altar of Fedhas.
    40 | D        | Found a white marble altar of Elyvilon.
    40 | D        | Found a shadowy altar of Dithmenos.
    40 | D        | Found a snail-covered altar of Cheibriados.
    41 | D        | Found a radiant altar of Vehumet.
    41 | D        | Found a corrupted altar of Lugonu.
    42 | D        | Found an ancient bone altar of Kikubaaqudgha.
    42 | D        | Found a hide-covered altar of Uskayaw.
    42 | D        | Found a broken altar of Ashenzari.
    43 | D        | Became a worshipper of Sif Muna the Loreminder
    54 | D        | Noticed a glass eye
    85 | D        | Killed a glass eye
    86 | D        | Reached skill level 5 in Spellcasting
    86 | D        | Reached skill level 5 in Conjurations
    86 | D        | Reached XP level 2. HP: 18/18 MP: 2/10
    86 | D        | Reached XP level 3. HP: 22/22 MP: 2/11
    86 | D        | Reached XP level 4. HP: 27/27 MP: 2/13
    86 | D        | Reached XP level 5. HP: 31/31 MP: 2/14
   276 | D        | Learned a level 3 spell: Stone Arrow
   279 | D        | Reached * piety under Sif Muna
   524 | D        | Noticed a sky beast
   528 | D        | Killed a sky beast
   528 | D        | Reached ** piety under Sif Muna
   529 | D        | Reached skill level 5 in Stealth
   529 | D        | Reached XP level 6. HP: 36/36 MP: 2/17
   595 | D        | Reached *** piety under Sif Muna
   618 | D        | Reached **** piety under Sif Muna
   641 | D        | Noticed Pargi
   650 | D        | Killed Pargi
   650 | D        | Reached ***** piety under Sif Muna
   651 | D        | Reached skill level 5 in Alchemy
   651 | D        | Reached XP level 7. HP: 32/41 MP: 6/19
   921 | D        | Learned a level 4 spell: Petrify
   934 | D        | Reached skill level 5 in Invocations
   971 | D        | Noticed a steam dragon
   973 | D        | Killed a steam dragon
   974 | D        | Reached skill level 5 in Short Blades
  1012 | D        | Received a gift from Sif Muna
  1020 | D        | Got Gaunafa's Spellbook of the Crystalline Cucurbite {god
                  | gift}
  1167 | D        | Noticed a guardian mummy
  1179 | D        | Killed a guardian mummy
  1180 | D        | Reached skill level 10 in Earth Magic
  1180 | D        | Reached XP level 8. HP: 25/46 MP: 1/22
  1723 | D        | Noticed a hornet
  1783 | D        | Received a gift from Sif Muna
  1806 | D        | Killed a hornet
  1807 | D        | Reached skill level 1 in Armour
  1807 | D        | Reached skill level 10 in Conjurations
  2266 | D        | Noticed a snapping turtle
  2319 | D        | Killed a snapping turtle
  2345 | D        | Killed an unseen horror
  2346 | D        | Reached XP level 9. HP: 30/52 MP: 5/24
  2705 | D        | Noticed a gargoyle
  2706 | D        | Noticed a deep elf pyromancer
  2709 | D        | Received a gift from Sif Muna
  2712 | D        | Killed a gargoyle
  2722 | D        | HP: 2/52 [deep elf pyromancer/bolt of fire (33)]
  2734 | D        | Killed a deep elf pyromancer
  2735 | D        | Incinerated by a deep elf pyromancer

Illustrated notes

Levels and vault maps discovered:
D:        pitsprint [storerooms_1, entrance_room_1, metal_vault_6, armoury_1,
          mini_pit_1, grid_room_1, main_hall_1, silver_pit, the_coven_1,
          the_vestibule_1, steel_vault_1, golden_pit, hallway_of_sentries,
          crystal_vault_4, iron_vault_4, final_vault]

Skill      XL: |  1  2  3  4  5  6  7  8  9 |
---------------+----------------------------+-----
Conjurations   | 5 6 7 9 10 11 | 11.2
Fighting       | 2 3 4 |  4.2
Short Blades   | 2 3 4 5 6 |  6.2
Stealth        | 4 5 6 7 8 |  8.3
Spellcasting   | 5 6 7 8 9 |  9.9
Earth Magic    | 6 7 8 10 11 | 11.5
Alchemy        | 3 5 6 7 |  7.7
Invocations    | 3 4 6 7 |  7.6
Armour         | 1 2 |  2.7
Dodging        | 3 4 |  4.9

Action                     |  1- 3 |  4- 6 |  7- 9 || total
---------------------------+-------+-------+-------++-------
  Melee: Dagger            |    20 |       |     5 ||    25
   Cast: Sandblast         |     6 |       |       ||     6
         Stone Arrow       |       |    31 |    45 ||    76
         Petrify           |       |       |     6 ||     6
 Invoke: Channel Magic     |       |     4 |     2 ||     6
    Use: Potion            |       |     2 |     9 ||    11
         Scroll            |       |       |     1 ||     1
   Stab: Sleeping          |     1 |       |       ||     1
         Petrified         |       |       |     5 ||     5
 Armour: Robe              |       |    10 |       ||    10
         Steam dragon scal |       |       |    29 ||    29
  Dodge: Dodged            |       |     4 |     6 ||    10
